 Dungeon Crawl Stone Soup version 0.29.0-15-g675c0067aa (webtiles) character file.

Game seed: 9114654233568737147

11 xian the Chiller (level 2, 0/15 HPs)
             Began as a Deep Elf Ice Elementalist on Sept 11, 2022.
             Slain by a quokka (5 damage)
             ... on level 1 of the Dungeon.
             The game lasted 00:01:36 (651 turns).

xian the Chiller (Deep Elf Ice Elementalist)         Turns: 651, Time: 00:01:37

Health: 0/15       AC:  2    Str:  5    XL:     2   Next: 13%
Magic:  2/8        EV: 12    Int: 19    God:
Gold:   34         SH:  0    Dex: 15    Spells: 5/7 levels left

rFire   + . .      SeeInvis .   d - +0 dagger
rCold   . . .      Faith    .   (no shield)
rNeg    + . .      Spirit   .   a - +0 robe
rPois   .          Reflect  .   (no helmet)
rElec   .          Harm     .   (no cloak)
rCorr   .          Rampage  .   (no gloves)
Will    .....                   (no boots)
Stlth   ++........              (no amulet)
HPRegen 0.05/turn               e - ring of positive energy
MPRegen 0.11/turn               f - ring of protection from fire

@: very slightly contaminated
A: no striking features
a: no special abilities


You were on level 1 of the Dungeon.
You visited 1 branch of the dungeon, and saw 1 of its levels.

You collected 34 gold pieces.

Inventory:

Hand Weapons
 d - a +0 dagger (weapon)
Armour
 a - a +0 robe (worn)
 c - a +0 cloak
Jewellery
 e - a ring of positive energy (left hand)
 f - a ring of protection from fire (right hand)
Scrolls
 g - a scroll of identify {unknown}
Potions
 b - a potion of magic


   Skills:
 + Level 2.4 Dodging
 + Level 2.5 Stealth
 + Level 3.0 Spellcasting
 + Level 0.2 Conjurations
 + Level 4.7 Ice Magic
 * Level 0.9 Air Magic


You had 5 spell levels left.
You knew the following spells:

 Your Spells              Type           Power      Damage    Failure   Level
a - Freeze                Ice            80%        1d9       2%          1
b - Shock                 Conj/Air       20%        1d4       12%         1

Your spell library contained the following spells:

 Spells                   Type           Power      Damage    Failure   Level
 Frozen Ramparts          Ice            40%        1d7       7%          3
 Ozocubu's Armour         Ice            20%        N/A       7%          3
 Swiftness                Air            6%         N/A       30%         3
 Hailstorm                Conj/Ice       12%        3d5       50%         4
 Airstrike                Air            3%         2d(1-17)  71%         4


Dungeon Overview and Level Annotations

Branches:
Dungeon (1/15)

Altars:


Message History

You see here a +0 war axe.
A hobgoblin comes into view.
The zap hits the hobgoblin.
The hobgoblin is heavily wounded.
The hobgoblin shouts!
The zap hits the hobgoblin.
You kill the hobgoblin!
You can't see any susceptible monsters within range! (Use Z to cast anyway.)
You can't see any susceptible monsters within range! (Use Z to cast anyway.)
Found a sling.
Found a leather armour.
A quokka comes into view.
The quokka moves out of view.
The zap misses the quokka.
The zap misses the quokka.
The quokka bites you but does no damage.
The zap misses the quokka.
The quokka bites you.
The zap misses the quokka.
The quokka misses you. x2
The zap hits the quokka.
The quokka is lightly wounded.
The quokka closely misses you.
You miscast Shock.
You are very lightly contaminated with residual magic.
Nothing appears to happen.
The quokka bites you.
The zap hits the quokka.
The quokka is moderately wounded.
The quokka bites you but does no damage.
You barely miss the quokka.
The quokka is moderately wounded.
The quokka bites you.
You hit the quokka but do no damage.
The quokka is moderately wounded.
The quokka barely misses you. The quokka bites you.
You hit the quokka but do no damage.
The quokka is moderately wounded.
The quokka barely misses you.
You closely miss the quokka.
The quokka is moderately wounded.
The quokka bites you.
You die...

# ####. ###
.... ..#
#.#..##..#
#.#......#
#....r.[.#
#...##@..#
#........#
##.#.#.###
#.#.#.#
#.....#####
####.#.......
#............
#.#..#..#.#..
##.......#.#
.


You could see a quokka.

Vanquished Creatures
  A dart slug (D:1)
  A bat (D:1)
  2 hobgoblins (D:1)
  A kobold (D:1)
  A quokka (D:1)
  A frilled lizard (D:1)
  A rat (D:1)
8 creatures vanquished.

Notes
Turn   | Place    | Note
-------+----------+-------------------------------------------
     0 | D:1      | xian the Deep Elf Ice Elementalist began the quest for the
                  | Orb.
     0 | D:1      | Reached XP level 1. HP: 10/10 MP: 6/6
    36 | D:1      | Learned a level 1 spell: Shock
   444 | D:1      | Reached XP level 2. HP: 13/15 MP: 5/8
   548 | D:1      | Found a faded altar of an unknown god.
   651 | D:1      | Slain by a quokka

Illustrated notes

Levels and vault maps discovered:
D:1:      scummos_arrival_simple_fountains, layout_loops_cross,
          hellmonk_ecumenical_altar_heavens_door

Action                   || total
-------------------------++-------
Melee: Unarmed           ||     7
       Dagger            ||     8
 Cast: Shock             ||    27
Armor: Robe              ||     6
Dodge: Dodged            ||    12
